 Dungeon Crawl Stone Soup version 0.32-a0-933-ga8fa3634e4 (webtiles) character file.

Game seed: 16924741697310183012

371276 Oneirical the Eviscerator (level 21, -14/160 HPs)
             Began as a Felid Summoner on Apr 12, 2024.
             Was an Initiate of Gozag.
             Demolished by an azure jelly (45 damage)
             ... on level 4 of the Pits of Slime on Apr 14, 2024.
             The game lasted 02:05:13 (57786 turns).

Oneirical the Eviscerator (Felid Summoner)         Turns: 57786, Time: 02:05:14

Health: -14/160    AC: 12    Str: 14    XL:     21   Next: 70%
Magic:  3/32       EV: 12    Int: 35    God:    Gozag
Gold:   659        SH:  0    Dex: 18    Spells: 1/40 levels left
                                        Lives:  0   Deaths: 7

rFire   + +          .
                       - Unarmed
rCold   x . .        (shield unavailable)
rNeg    + . .        (body armour unavailable)
rPois   +            (helmet unavailable)
rElec   .            (cloak unavailable)
rCorr   +            (gloves unavailable)
SInv    +            (boots unavailable)
Will    +++..        G - amulet of magic regeneration
Stlth   ++           B - ring of the Tortoise {AC+8}
HPRegen 1.26/turn    Z - ring "Putor" {rN+ rCorr Int+6}
MPRegen 0.63/turn

%: no passive effects
@: dragon-form, gold aura, flying, corroded
A: dragon claw, dragon scales, breathe fire, flying, boosted hp, giant, (claws
1), (fangs 3), see invisible, (shaggy fur 3), (stealthy paws), no weapons or
thrown items, no armour, multi-lived, (horns 1), low MP 1, regeneration 1, no
potion heal 1, inability to read after injury 1 �: 2/15 runes: serpentine,
barnacled
a: Breathe Fire, Begin Untransformation, Renounce Religion, Potion Petition,
Call Merchant, Bribe Branch


You were on level 4 of the Pits of Slime.
You worshipped Gozag.
Gozag was pleased with you.
You were a fearsome dragon!
You visited 9 branches of the dungeon, and saw 41 of its levels.
You also visited: Sewer and Ice Cave.

You collected 16478 gold pieces.
You spent 6102 gold pieces at shops.
You paid 9717 gold pieces to Gozag.

Inventory:

Jewellery
 d - a +5 ring of evasion
 i - a ring of willpower
 z - a ring of protection from cold
 B - the ring of the Tortoise (left foreclaw) {AC+8}
   (You bought it in a shop on level 3 of the Lair of Beasts)

   [ring of protection]

   AC+8:      It affects your AC (+8).
 G - an amulet of magic regeneration (around neck)
 P - a ring of protection from fire
 R - a +6 ring of dexterity
 V - a +4 ring of protection
 Z - the ring "Putor" (right foreclaw) {rN+ rCorr Int+6}
   (You bought it in a shop on level 8 of the Dungeon)

   [ring of intelligence]

   Int+6:     It affects your intelligence (+6).
   rN+:       It protects you from negative energy.
   rCorr:     It protects you from acid and corrosion.
Talismans
 p - a granite talisman
 U - a dragon-blood talisman (active)
Wands
 c - a wand of iceblast (22)
 t - a wand of flame (136)
 x - a wand of charming (9)
 y - a wand of digging (7)
 C - a wand of mindburst (26)
 F - a wand of quicksilver (12)
Scrolls
 e - 5 scrolls of blinking
 g - 3 scrolls of torment
 h - 24 scrolls of teleportation
 j - 2 scrolls of silence
 k - 3 scrolls of amnesia
 l - 6 scrolls of fear
 m - 12 scrolls of revelation
 q - 5 scrolls of fog
 s - 3 scrolls of immolation
 D - 5 scrolls of poison
 I - 4 scrolls of noise
 L - 9 scrolls of identify
 N - 2 scrolls of vulnerability
Potions
 a - 4 potions of magic
 b - 19 potions of curing
 f - 6 potions of heal wounds
 n - a potion of haste
 o - 3 potions of might
 r - 4 potions of attraction
 u - 10 potions of brilliance
 v - 6 potions of resistance
 w - 2 potions of mutation
 A - 6 potions of lignification
 E - 4 potions of berserk rage
 J - 6 potions of enlightenment
Miscellaneous
 H - a sack of spiders
 M - a phial of floods
 Y - a phantom mirror


   Skills:
 - Level 10.0 Fighting
 - Level 10.0 Dodging
 - Level 2.6 Stealth
 + Level 24.5 Unarmed Combat
 - Level 10.0 Spellcasting
 - Level 8.0 Hexes
 - Level 12.0 Summonings
 - Level 5.0 Necromancy
 - Level 20.0 Translocations
 - Level 5.0 Fire Magic
 - Level 5.0 Air Magic
 - Level 16.0 Shapeshifting


You had one spell level left.
You knew the following spells:

 Your Spells              Type           Power      Damage    Failure   Level
a - Gell's Gavotte        Tloc           51%        2d(34-50) 1%          6
b - Malign Gateway        Summ/Tloc      46%        N/A       3%          7
c - Maxwell's Portable P  Tloc           100%       2d(15-43) 0%          3
d - Summon Lightning Spi  Summ/Air       67%        N/A       1%          4
e - Summon Cactus Giant   Summ           39%        N/A       2%          6
f - Anguish               Hex/Necr       29%        N/A       1%          4
g - Blink                 Tloc           100%       N/A       0%          2
h - Manifold Assault      Tloc           51%        N/A       1%          7

Your spell library contained the following spells:

 Spells                   Type           Power      Damage    Failure   Level
 Apportation              Tloc           100%       N/A       0%          1
 Necrotise                Necr           100%       1d9       1%          1
 Summon Small Mammal      Summ           100%       N/A       1%          1
 Magic Dart               Conj           68%        1d6       2%          1
 Sting                    Conj/Alch      68%        1d7       2%          1
 Call Imp                 Summ           100%       N/A       1%          2
 Ensorcelled Hibernation  Hex/Ice        90%        N/A       1%          2
 Scorch                   Fire           100%       2d9       1%          2
 Static Discharge         Conj/Air       70%        3-6/arc   1%          2
 Call Canine Familiar     Summ           79%        N/A       1%          3
 Fugue of the Fallen      Necr           51%        N/A       1%          3
 Vampiric Draining        Necr           51%        2d9       1%          3
 Volatile Blastmotes      Fire/Tloc      100%       2d18      1%          3
 Martyr's Knell           Necr/Summ      67%        N/A       1%          4
 Summon Blazeheart Golem  Fire/Summ      67%        N/A       1%          4
 Vhi's Electric Charge    Tloc/Air       100%       N/A       1%          4
 Summon Forest            Summ/Tloc      46%        N/A       1%          5
 Summon Mana Viper        Hex/Summ       72%        N/A       1%          5
 Dispersal                Tloc           51%        N/A       1%          6
 Airstrike                Air            25%        2d(4-20)  3%          4
 Disjunction              Tloc           51%        N/A       4%          8
 Hailstorm                Conj/Ice       17%        3d6       8%          3
 Ozocubu's Armour         Ice            17%        N/A       8%          3
 Passwall                 Erth           17%        N/A       8%          3
 Flame Wave               Conj/Fire      35%        2d10      9%          4
 Curse of Agony           Necr           51%        N/A       9%          5
 Arcjolt                  Conj/Air       17%        1d27      24%         5
 Borgnjor's Vile Clutch   Necr/Erth      17%        N/A       24%         5
 Death Channel            Necr           25%        N/A       43%         6
 Haunt                    Necr/Summ      33%        N/A       54%         7
 Alistair's Intoxication  Alch           11%        N/A       56%         5
 Iskenderun's Battlesphe  Conj           17%        2d7       56%         5
 Lee's Rapid Deconstruct  Erth           8%         3d7*      56%         5
 Summon Horrible Things   Summ           39%        N/A       75%         8
 Spellforged Servitor     Conj/Summ      28%        N/A       87%         7
 Bombard                  Conj/Erth      8%         9d2       98%         6
 Eringya's Noxious Bog    Alch           8%         4d6       98%         6
 Borgnjor's Revivificati  Necr           25%        N/A       100%        8
 Maxwell's Capacitive Co  Air            25%        ∞         100%        8
 Death's Door             Necr           25%        N/A       100%        9
 Animate Armour           Summ/Erth      Unusable   N/A       N/A         4
 Animate Dead             Necr           Unusable   N/A       N/A         4

Dungeon Overview and Level Annotations

Branches:
Dungeon (15/15)            Temple (1/1) D:6            Lair (4/5) D:11
 Shoals (4/4) Lair:3        Snake (4/4) Lair:3        Slime (4/5) Lair:4
    Orc (2/2) D:10            Elf (3/3) Orc:2        Vaults (4/5) D:14
  Crypt (0/3) Vaults:3     Depths (0/4) D:15          Sewer (visited)
  IceCv (visited)

Altars:
Ashenzari
Cheibriados
Dithmenos
Elyvilon
Fedhas
Gozag
Hepliaklqana
Kikubaaqudgha
Makhleb
Nemelex Xobeh
Okawaru
Qazlal
Ru
Sif Muna
Trog
Uskayaw
Vehumet
Wu Jian
Xom
Yredelemnul
Zin
The Shining One
Beogh
Jiyva

Shops:
D:2 (   D:8 !*[(=   D:12 =   D:13 (   D:15 *=   Orc:2 [*((   Elf:1 *   Elf:3 (
Lair:1 :   Lair:3 =   Lair:4 =   Shoals:4 :   Snake:1 =   Snake:2 (?([[
Snake:3 =*   Vaults:1 (   Vaults:4 !*

Annotations:
Shoals:1 3 runed translucent doors, Duttonia's ghost, journeyman MeWn; Wano's ghost, adept FeSu; hikkokomori's ghost, adept MDWn
Snake:3 exclusion: downstairs
Orc:1 1 transporter
Vaults:2 3 runed translucent doors, Patrick2011b's ghost, adept SpHs
Vaults:4 2 runed translucent doors, Joextigh's ghost, veteran KoHu


Innate Abilities, Weirdness & Mutations

You are a fearsome dragon!
You have a powerful clawing attack.
Your giant scaled body is strong and resilient, but less evasive.
You can breathe fire.
You are flying.
Your maximum health is greatly increased.
((You have sharp claws.))
((You have razor-sharp teeth.))
You have supernaturally acute eyesight. (SInv)
((Your thick and shaggy fur keeps you warm. (AC +3, rC+)))
((Your paws help you pounce on unaware monsters.))
You are incapable of wielding weapons or throwing items.
You cannot wear armour.
You gain extra lives every three experience levels.
((You have a pair of small horns on your head.))
Your magical capacity is low. (-10% MP)
Your natural rate of healing is unusually fast.
Potions are less effective at restoring your health.
You occasionally lose the ability to read scrolls when taking damage.


Message History

You maul the formless jellyfish!!!
Casting: Manifold Assault (mildly dangerous; 1% risk of failure)
Confirm with . or Enter, or press ? or * to list all spells.
Aiming: Gell's Gavotte (mildly dangerous; 1% risk of failure)
Press: ? - help, Dir - move target Gravity reorients to the west!
Casting: Gell's Gavotte (mildly dangerous; 1% risk of failure)
Confirm with . or Enter, or press ? or * to list all spells.
Space momentarily warps into an impossible shape!
You bite the formless jellyfish!!
A formless jellyfish is nearby!
Casting: Manifold Assault (mildly dangerous; 1% risk of failure)
Confirm with . or Enter, or press ? or * to list all spells.
You don't have enough magic to cast this spell.
The formless jellyfish shimmers eerily.
The formless jellyfish blinks!
Gravity stabilizes in your vacinity. The formless jellyfish stings you!
You maul the formless jellyfish!!!
You kill the formless jellyfish!
Casting: Manifold Assault (mildly dangerous; 1% risk of failure)
Confirm with . or Enter, or press ? or * to list all spells.
Casting: Maxwell's Portable Piledriver (safe; 0% risk of failure)
Press: ? - help, Dir - look around, f - activate Space contracts around you and the azure jelly and then re-expands violently!
The azure jelly slams into the slime covered rock wall!!!
The azure jelly is severely wounded.
The azure jelly hits you. The azure jelly freezes you!!!
You feel a terrible chill! The azure jelly hits you!
The azure jelly freezes you!!!
You feel a terrible chill!
* * * LOW HITPOINT WARNING * * *
The azure jelly hits you.
* * * LOW HITPOINT WARNING * * *
The azure jelly hits you.
* * * LOW HITPOINT WARNING * * *
The azure jelly hits you.
* * * LOW HITPOINT WARNING * * *
The azure jelly freezes you!!!
You feel a terrible chill!
You die...
Your body crumbles into a pile of gold.

##.#..#J.$>.....#
###.............
##.............#
#.............##
##..#..$........#
#...........##.##
##......##### ##
#......J##
##.#.$.D.#
####...####
#....#.####
#$......#.####
#..........#.##
#.........#...#
##....##....#.##
##......#.......#
#
#........#.....##


You could see an azure jelly.

Vanquished Creatures
  Frederick (Vaults:4)
  Mennas (Vaults:4)
  Mara (Vaults:3)
  Bai Suzhen (Elf:3)
  Norris (Vaults:1)
  3 acid blobs
  Asterion (Vaults:1)
  2 deep elf blademasters (Elf:3)
  Zenata (Vaults:4)
  A titan (Vaults:3)
  A deep elf master archer (Elf:3)
  5 sphinxes
  Donald (Orc:2)
  A storm dragon (Vaults:3)
  Agnes (Elf:2)
  A nagaraja (Snake:4)
  5 rockslimes
  8 azure jellies
  2 deep elf sorcerers
  A frost giant (Vaults:3)
  10 vault wardens
  An orc warlord (Orc:1)
  2 deep elf elementalists (Elf:3)
  9 ironbound preservers
  A broodmother (Slime:1)
  9 deep elf demonologists (Elf:3)
  3 quicksilver oozes
  4 ironbound thunderhulks
  14 formless jellyfish
  8 deep elf death magi (Elf:3)
  5 dire elephants
  3 deep elf annihilators (Elf:3)
  4 yaktaur captains
  An ettin (Vaults:3)
  A crystal guardian (Vaults:4)
  4 merfolk javelineers (Shoals:2)
  2 deep elf high priests (Elf:3)
  4 great orbs of eyes
  9 merfolk impalers
  3 hydras
  3 vault guards
  10 centaur warriors
  2 peacekeepers
  A salamander tyrant (Snake:4)
  6 merfolk avatars
  4 merfolk aquamancers (Shoals:4)
  A boulder beetle (Vaults:2)
  2 two-headed ogres
  24 dancing weapons
  9 ironbound frosthearts
  A sphinx skeleton (D:15)
  2 satyrs
  3 naga sharpshooters
  4 orc high priests
  2 naga warriors (Snake:3)
  A shock serpent (Snake:1)
  17 deep elf knights
  Lodul (D:12)
  8 sea snakes
  12 deep elf archers
  6 skysharks
  A kraken simulacrum (Shoals:4)
  9 arcanists
  25 deep trolls
  A phantasmal warrior (Vaults:2)
  A naga ritualist (Snake:3)
  A spriggan simulacrum (IceCv)
  2 orc knights (Vaults:2)
  3 nameless horrors
  5 lindwurms
  20 deep elf pyromancers
  23 deep elf zephyrmancers
  16 harpies
  14 ironbound convokers
  A necromancer (D:15)
  4 fauns
  13 manticores
  5 shining eyes
  14 ugly things
  3 orc sorcerers (Orc:2)
  A cyclops (D:14)
  2 salamanders (Snake:4)
  6 elephants (Lair:3)
  A kobold blastminer (Orc:2)
  A guardian serpent (Snake:4)
  9 black mambas
  4 merfolk sirens
  12 vault sentinels
  2 naga magi (Snake:4)
  A cane toad (Lair:1)
  An eye of devastation (Slime:4)
  6 water nymphs
  23 yaktaurs
  A freezing wraith (IceCv)
  3 komodo dragons
  Psyche (D:8)
  An ice devil (IceCv)
  A queen bee (shapeshifter) (Elf:3)
  2 polar bears
  17 merfolk
  Grinder (D:6)
  Prince Ribbit (D:6)
  3 blink frogs (Lair:3)
  A wind drake (Shoals:4)
  7 snapping turtles
  3 dream sheep (Lair:3)
  4 glass eyes
  10 water elementals
  50 slime creatures
  An air elemental (Elf:2)
  14 yaks
  Grum (D:10)
  4 fire elementals
  A basilisk (Lair:3)
  6 golden eyes (Slime:4)
  A warg (Orc:1)
  3 nagas (Snake:4)
  An ice beast (D:5)
  5 orc warriors
  2 ogres
  4 wolves
  Blork the orc (D:4)
  A bullfrog (Lair:1)
  An earth elemental (Elf:1)
  A wight (D:9)
  5 electric eels
  2 hounds
  4 orc priests
  6 orc wizards
  A polar bear simulacrum (Lair:4)
  A yak simulacrum (Lair:4)
  A gnoll (D:11)
  An adder (D:3)
  A dart slug (D:4)
  9 orcs
  4 bats
  4 endoplasms
  2 goblins
  A jackal (D:1)
  2 quokkas
  3 training dummies (Elf:3)
  3 ball pythons
  3 kobolds
  3 rats
  4 river rat simulacra (Lair:4)
  A tentacle (Shoals:4)
699 creatures vanquished.

Vanquished Creatures (collateral kills)
  Saint Roka (Vaults:2)
  A golden dragon (Vaults:3)
  Jorgrun (Snake:1)
  An acid blob (Slime:1)
  A sphinx (Vaults:4)
  An azure jelly (Slime:4)
  2 nagarajas
  A frost giant (Slime:1)
  2 vault wardens
  A formless jellyfish (Slime:1)
  Nessos (D:15)
  2 dire elephants (Vaults:4)
  A deep elf annihilator (Shoals:3)
  Azrael (D:13)
  3 merfolk impalers
  A deep elf high priest (Vaults:3)
  2 yaktaur captains
  A great orb of eyes (Vaults:2)
  2 hydras
  Josephine (D:13)
  10 vault guards
  5 salamander tyrants (Snake:4)
  A sphinx zombie (D:15)
  An alligator snapping turtle (Shoals:4)
  Erica (Lair:2)
  An ironbound frostheart (Vaults:2)
  2 centaur warriors (D:13)
  3 two-headed ogres
  2 boulder beetles
  7 anacondas
  A merfolk avatar (Shoals:4)
  2 dancing weapons (Elf:2)
  An orc high priest (Vaults:2)
  2 tengu warriors (D:15)
  3 shock serpents
  Urug (Lair:2)
  A vampire mage (D:15)
  14 naga warriors
  9 naga sharpshooters
  2 skysharks
  A salamander mystic (Snake:3)
  3 sea snakes
  6 skeletal warriors (D:15)
  4 naga ritualists
  5 deep elf archers
  A flayed ghost (Vaults:2)
  8 harpies
  Pikel (D:4)
  10 mana vipers
  An ironbound convoker (Vaults:3)
  3 deep elf zephyrmancers
  A necromancer (Lair:4)
  4 deep elf pyromancers
  6 orc knights
  A shining eye (Slime:4)
  2 orc sorcerers
  3 oklob plants
  3 manticores
  18 ugly things
  3 fauns (Shoals:3)
  9 salamanders
  2 cyclopes
  3 merfolk sirens
  2 vault sentinels (Vaults:4)
  A water nymph (Shoals:2)
  3 kobold blastminers (Orc:1)
  3 guardian serpents
  9 naga magi
  35 black mambas
  Maggie (D:10)
  5 cane toads
  5 yaktaurs
  6 komodo dragons
  2 freezing wraiths (IceCv)
  4 kobold demonologists
  3 polar bears
  3 merfolk
  5 trolls
  4 wind drakes
  4 dream sheep (Lair:3)
  12 blink frogs
  2 snapping turtles (Shoals:4)
  Sigmund (D:2)
  12 slime creatures
  A vampire (D:13)
  2 water elementals
  7 wraiths
  3 fire elementals (D:13)
  2 wyverns
  A basilisk (shapeshifter) (D:15)
  3 basilisks (Lair:1)
  29 yaks
  A minotaur simulacrum (IceCv)
  26 nagas
  8 water moccasins
  An acid dragon (D:12)
  A hell hound (D:13)
  16 orc warriors
  2 black bears
  10 wolves
  12 ogres
  The ghost of Rudyous the Trooper, an amateur CoFi (D:3)
  5 centaurs
  3 lemures
  7 nameless horrors
  9 kobold brigands
  2 gnoll sergeants
  8 bullfrogs
  A scorpion (D:5)
  A deep troll simulacrum (IceCv)
  8 wights
  A lindwurm simulacrum (IceCv)
  3 howler monkeys
  A bombardier beetle (D:4)
  9 jellies (D:11)
  13 orc priests
  Crazy Yiuf (D:2)
  2 hounds
  A gnoll bouda (D:10)
  3 iguanas
  A sleepcap (D:5)
  13 orc wizards
  Ijyb (D:5)
  2 yak simulacra (Lair:4)
  2 wolf simulacra (Lair:4)
  Robin (D:2)
  16 gnolls
  A river rat (Sewer)
  16 adders
  2 white imps
  2 ufetubi (D:6)
  2 ribbon worms
  3 dart slugs
  79 orcs
  2 ball pythons
  2 bats
  16 endoplasms
  5 giant cockroaches
  11 goblins
  9 hobgoblins
  4 jackals (D:1)
  A quokka (D:2)
  22 kobolds
  4 rats
  A river rat simulacrum (Lair:4)
738 creatures vanquished.

Vanquished Creatures (others)
  Vashnia (Snake:4)
  22 eldritch tentacles
  A salamander tyrant (Snake:4)
  An anaconda (Snake:1)
  7 naga sharpshooters
  2 shock serpents
  A naga warrior (Snake:2)
  A sea snake (Snake:3)
  2 salamander mystics (Snake:4)
  A naga ritualist (Snake:1)
  A mana viper (Snake:2)
  A harpy (Shoals:4)
  A shining eye (Slime:4)
  6 salamanders
  A naga mage (Snake:3)
  4 black mambas
  An eye of devastation (Slime:4)
  A water elemental (Elf:3)
  7 nagas
  An orc wizard (Orc:2)
  86 blazeheart cores
  11 tentacles (Shoals:4)
160 creatures vanquished.

Grand Total: 1597 creatures vanquished

Notes
Turn   | Place    | Note
-------+----------+-------------------------------------------
     0 | D:1      | Oneirical the Felid Summoner began the quest for the Orb.
     0 | D:1      | Reached XP level 1. HP: 9/9 MP: 4/4
   140 | D:1      | Found a faded altar of an unknown god.
   171 | D:1      | Reached XP level 2. HP: 13/13 MP: 4/6
   645 | D:1      | Found Ilaq's General Store.
   692 | D:1      | Reached XP level 3. HP: 16/16 MP: 8/8
   696 | D:1      | Learned a level 3 spell: Call Canine Familiar
  1038 | D:2      | Noticed Robin
  1155 | D:2      | Killed Robin
  1254 | D:2      | Found Araylim's Antique Weapon Shop.
  1298 | D:2      | Reached XP level 4. HP: 21/21 MP: 5/9
  1298 | D:2      | Gained a life (2 lives remaining)
  1458 | D:2      | Noticed Sigmund
  1477 | D:2      | Killed Sigmund
  1478 | D:2      | Reached skill level 5 in Summonings
  1478 | D:2      | Reached XP level 5. HP: 22/24 MP: 2/12
  1621 | D:2      | Learned a level 4 spell: Summon Blazeheart Golem
  1788 | D:2      | Found a runed translucent door.
  1789 | D:2      | Noticed Crazy Yiuf
  1943 | D:2      | Killed Crazy Yiuf
  1944 | D:2      | Gained mutation: You are covered in thick fur. (AC +2)
                  | [Felid growth]
  1944 | D:2      | Reached XP level 6. HP: 8/28 MP: 2/13
  2271 | D:3      | Found a runed translucent door.
  2273 | D:3      | Noticed Rudyous's ghost (amateur CoFi)
  2855 | D:3      | Killed Rudyous's ghost
  2856 | D:3      | Reached skill level 1 in Fire Magic
  2950 | D:4      | Reached skill level 1 in Fighting
  3215 | D:4      | Noticed Pikel
  3221 | D:4      | Killed Pikel
  3222 | D:4      | Reached XP level 7. HP: 35/35 MP: 4/15
  3356 | D:4      | Noticed Blork the orc
  3367 | D:4      | Killed Blork the orc
  3368 | D:4      | Reached skill level 5 in Spellcasting
  3368 | D:4      | Reached XP level 8. HP: 39/39 MP: 8/16
  3987 | D:4      | Found a faded altar of an unknown god.
  3987 | D:4      | Found a hazy altar of Hepliaklqana.
  3996 | D:4      | Found a stormy altar of Qazlal.
  4000 | D:4      | Found a bloodstained altar of Trog.
  4002 | D:4      | Found a shimmering altar of Xom.
  4296 | D:5      | Entered Level 5 of the Dungeon
  4409 | D:5      | Reached skill level 5 in Dodging
  4720 | D:5      | Noticed Ijyb
  4730 | D:5      | Killed Ijyb
  4845 | D:5      | Found a glowing drain.
  4918 | Sewer    | Entered a sewer
  5569 | D:5      | Reached skill level 5 in Fire Magic
  5571 | D:5      | Learned a level 4 spell: Summon Lightning Spire
  6129 | D:6      | Found a staircase to the Ecumenical Temple.
  6138 | Temple   | Entered the Ecumenical Temple
  6183 | D:6      | Reached XP level 9. HP: 40/45 MP: 12/18
  6461 | D:6      | Noticed Prince Ribbit
  6476 | D:6      | Killed Prince Ribbit
  6477 | D:6      | Reached skill level 1 in Air Magic
  6490 | D:6      | Noticed Grinder
  6504 | D:6      | Killed Grinder
  7047 | D:6      | HP: 2/46 [spore (44)]
  7749 | D:7      | Noticed a two-headed ogre
  7756 | D:7      | Killed a two-headed ogre
  7757 | D:7      | Reached skill level 5 in Fighting
  7796 | D:7      | Reached XP level 10. HP: 51/51 MP: 2/21
  8339 | D:8      | Found Cajygha's Antique Weapon Boutique.
  8456 | D:8      | Noticed Psyche
  8478 | D:8      | Killed Psyche
  8525 | D:8      | Found Suseon's Distillery.
  8623 | D:8      | Found Woywis's General Store.
  8727 | D:8      | Found Ketoboinn's Jewellery Shoppe.
  8761 | D:8      | Found an opulent altar of Gozag.
  8876 | D:8      | Found Adisoexa's Armour Boutique.
  8931 | D:8      | Became a worshipper of Gozag Ym Sagoz the Greedy
  9774 | D:9      | Found a blossoming altar of Fedhas.
 10152 | D:8      | Bought a potion of magic for 128 gold pieces
 10152 | D:8      | Bought a scroll of blinking for 120 gold pieces
 10152 | D:8      | Bought a scroll of revelation for 120 gold pieces
 10206 | D:8      | Bought a potion of curing for 39 gold pieces
 10206 | D:8      | Bought a potion of heal wounds for 65 gold pieces
 10206 | D:8      | Bought a potion of heal wounds for 65 gold pieces
 10262 | D:10     | Entered Level 10 of the Dungeon
 10461 | D:10     | Noticed a two-headed ogre
 10469 | D:10     | Killed a two-headed ogre
 10633 | D:10     | Reached skill level 5 in Air Magic
 10641 | D:10     | Noticed Grum
 10641 | D:10     | Noticed Maggie
 10656 | D:10     | Killed Grum
 10657 | D:10     | Reached XP level 11. HP: 33/58 MP: 8/23
 10666 | D:10     | Killed Maggie
 10879 | D:10     | Found a staircase to the Orcish Mines.
 11420 | D:10     | Reached skill level 10 in Dodging
 11580 | D:11     | Noticed an oklob plant
 11588 | D:11     | Found a staircase to the Lair.
 11610 | D:11     | Killed an oklob plant
 11689 | D:11     | Noticed a brown ugly thing
 11695 | D:11     | Killed a brown ugly thing
 11894 | D:11     | Got the Codex of the Polar Gathering
 12116 | D:11     | Noticed a two-headed ogre
 12124 | D:11     | Killed a two-headed ogre
 12256 | D:11     | Reached skill level 10 in Summonings
 12881 | Lair:1   | Entered Level 1 of the Lair of Beasts
 13484 | Lair:1   | Gained mutation: Your thick and shaggy fur keeps you warm.
                  | (AC +3, rC+) [Felid growth]
 13484 | Lair:1   | Reached XP level 12. HP: 67/67 MP: 16/26
 13898 | Lair:1   | Reached skill level 10 in Spellcasting
 14072 | Lair:1   | Reached skill level 10 in Fighting
 14087 | Lair:1   | Reached skill level 1 in Shapeshifting
 14435 | Lair:2   | Noticed a four-headed hydra
 14444 | Lair:2   | Killed a four-headed hydra
 14734 | Lair:2   | Noticed Erica
 14735 | Lair:2   | Reached skill level 5 in Shapeshifting
 14739 | Lair:2   | Killed Erica
 15305 | Lair:2   | Noticed Urug
 15343 | Lair:2   | Killed Urug
 16118 | Lair:3   | Reached XP level 13. HP: 53/72 MP: 13/28
 16932 | Lair:3   | Found a staircase to the Snake Pit.
 17088 | Lair:3   | Found a staircase to the Shoals.
 17308 | Lair:3   | Reached skill level 10 in Shapeshifting
 18505 | Lair:4   | Found a viscous altar of Jiyva.
 18505 | Lair:4   | Found a staircase to the Slime Pits.
 18830 | Orc:1    | Entered Level 1 of the Orcish Mines
 19141 | Orc:1    | Noticed an orc warlord
 19172 | Orc:1    | Killed an orc warlord
 19403 | Orc:1    | Found a transporter.
 19706 | Orc:2    | Entered Level 2 of the Orcish Mines
 19745 | Orc:2    | Noticed Donald
 19768 | Orc:2    | Killed Donald
 19774 | Orc:2    | Killed from afar by an orc sorcerer
 19774 | Orc:2    | Lost a life (1 life remaining)
 19988 | Orc:2    | Reached XP level 14. HP: 56/77 MP: 29/29
 19988 | Orc:2    | Gained a life (2 lives remaining)
 20252 | Orc:2    | HP: 1/77 [orc sorcerer/bolt of fire (29)]
 20253 | Orc:2    | Shot with a bolt by a kobold blastminer
 20253 | Orc:2    | Lost a life (1 life remaining)
 20606 | Orc:2    | Found Moj Xotz's Armour Shoppe.
 20606 | Orc:2    | Found Galywu's Weapon Boutique.
 20608 | Orc:2    | Found Catoopnu's Weapon Boutique.
 20608 | Orc:2    | Found Ihoadgh's General Store.
 20621 | Orc:2    | Bought a book of Scorching for 510 gold pieces
 20628 | Orc:2    | Learned a level 6 spell: Summon Cactus Giant
 20712 | Orc:2    | Found a staircase to the Elven Halls.
 21020 | Orc:1    | Noticed a stone giant
 21575 | D:12     | Found Duqel's Jewellery Shop.
 22072 | D:13     | Noticed Josephine
 22079 | D:13     | Killed Josephine
 22178 | D:13     | Noticed Azrael
 22187 | D:13     | Killed Azrael
 22282 | D:13     | Noticed Lodul
 22432 | D:12     | Killed Lodul
 22569 | D:13     | Found Reuveuck's Antique Weapon Shop.
 22596 | D:14     | Found a snail-covered altar of Cheibriados.
 22852 | D:14     | Found a gate to the Vaults.
 23360 | D:15     | Entered Level 15 of the Dungeon
 23638 | D:15     | Reached XP level 15. HP: 74/80 MP: 17/30
 23638 | D:15     | Gained a life (2 lives remaining)
 23660 | D:15     | Found a staircase to the Depths.
 23926 | D:15     | Reached skill level 15 in Shapeshifting
 24030 | D:15     | Noticed Nessos
 24282 | D:15     | Found Igaum's Assorted Antiques.
 24292 | D:15     | Bought a scroll of revelation for 202 gold pieces
 24292 | D:15     | Bought a potion of curing for 81 gold pieces
 24498 | D:15     | Killed Nessos
 24593 | D:14     | Learned a level 4 spell: Anguish
 24701 | Snake:1  | Entered Level 1 of the Snake Pit
 24773 | Snake:1  | Reached skill level 1 in Hexes
 24896 | Snake:1  | Reached skill level 1 in Necromancy
 25513 | Snake:1  | Reached skill level 5 in Hexes
 26090 | Snake:1  | Noticed Jorgrun
 26098 | Snake:1  | Killed Jorgrun
 26411 | Snake:2  | Found Qungum's Weapon Boutique.
 26675 | Snake:2  | Reached skill level 5 in Necromancy
 26896 | Snake:2  | Learned a level 2 spell: Blink
 26956 | Snake:2  | Found Ycloehau's Antique Armour Boutique.
 26956 | Snake:2  | Found Fuekh's Weapon Shop.
 26962 | Snake:2  | Found Uteivvoa's Magic Scroll Shop.
 26966 | Snake:2  | Found Odieme's Armour Boutique.
 26969 | Snake:2  | Reached skill level 1 in Translocations
 27019 | Snake:2  | Bought a scroll of blinking for 97 gold pieces
 27019 | Snake:2  | Bought a scroll of revelation for 97 gold pieces
 27354 | Snake:2  | Bought a scroll of vulnerability for 52 gold pieces
 27381 | Snake:3  | Reached XP level 16. HP: 85/85 MP: 13/31
 27472 | Snake:3  | Reached skill level 5 in Translocations
 27568 | Snake:3  | Reached skill level 1 in Unarmed Combat
 27576 | Snake:3  | Reached skill level 2 in Unarmed Combat
 28110 | Snake:3  | Found Fevif's General Store.
 28200 | Snake:3  | Reached skill level 3 in Unarmed Combat
 28486 | Snake:3  | Found a runed translucent gate.
 28486 | Snake:3  | Found a runed translucent gate.
 28504 | Snake:3  | Found a runed translucent gate.
 28649 | Snake:3  | Reached skill level 4 in Unarmed Combat
 28795 | Snake:4  | Entered Level 4 of the Snake Pit
 28795 | Snake:4  | Noticed Vashnia
 28933 | Snake:4  | Reached skill level 5 in Unarmed Combat
 29284 | Snake:3  | Reached skill level 10 in Translocations
 29391 | Snake:3  | Reached skill level 6 in Unarmed Combat
 29631 | Snake:4  | Learned a level 7 spell: Manifold Assault
 29738 | Snake:4  | Reached skill level 7 in Unarmed Combat
 31147 | Snake:4  | Killed Vashnia
 31148 | Snake:4  | Reached skill level 8 in Unarmed Combat
 31338 | Snake:4  | HP: 5/110 [salamander/+0 trident (15)]
 31565 | Snake:4  | Reached XP level 17. HP: 89/89 MP: 14/32
 31777 | Snake:4  | HP: 1/115 [salamander tyrant/flame surge (36)]
 31779 | Snake:4  | Killed from afar by a salamander tyrant
 31779 | Snake:4  | Lost a life (1 life remaining)
 32202 | Snake:4  | Killed from afar by a salamander tyrant
 32202 | Snake:4  | Lost a life (0 lives remaining)
 32203 | Snake:4  | Upgraded the game from 0.32-a0-928-g1cae6b7ea0 to
                  | 0.32-a0-933-ga8fa3634e4
 32398 | Snake:4  | Reached skill level 9 in Unarmed Combat
 32512 | Snake:4  | Got a serpentine rune of Zot
 32809 | Shoals:1 | Entered Level 1 of the Shoals
 33194 | Shoals:1 | Found a runed translucent gate.
 33195 | Shoals:1 | Found a runed translucent gate.
 33196 | Shoals:1 | Found a runed translucent gate.
 33437 | Shoals:1 | Noticed hikkokomori's ghost (adept MDWn)
 33438 | Shoals:1 | Noticed Wano's ghost (adept FeSu)
 33438 | Shoals:1 | Noticed Duttonia's ghost (journeyman MeWn)
 33438 | Shoals:1 | Noticed Duttonia's ghost (journeyman MeWn)
 33570 | Shoals:2 | Reached skill level 10 in Unarmed Combat
 33804 | Shoals:2 | Reached skill level 15 in Translocations
 33869 | Shoals:2 | Identified the +11 battleaxe "Cat's Curse" {antimagic,
                  | rPois rN+ Dex-4}
 34619 | Shoals:3 | Found a glacial archway.
 34633 | IceCv    | Entered an ice cave
 34953 | Shoals:3 | Reached skill level 11 in Unarmed Combat
 35640 | Shoals:4 | Entered Level 4 of the Shoals
 36330 | Shoals:4 | Bought a book of the Warp for 992 gold pieces
 36378 | Shoals:4 | Learned a level 6 spell: Gell's Gavotte
 36498 | Shoals:4 | Reached skill level 12 in Unarmed Combat
 36498 | Shoals:4 | Reached XP level 18. HP: 90/93 MP: 22/33
 36498 | Shoals:4 | Gained a life (1 life remaining)
 37059 | Shoals:4 | Learned a level 7 spell: Malign Gateway
 37943 | Shoals:4 | Got a barnacled rune of Zot
 38216 | Elf:1    | Entered Level 1 of the Elven Halls
 38360 | Elf:1    | Reached skill level 13 in Unarmed Combat
 38821 | Elf:1    | Found Vikhlifey's General Store.
 38828 | Elf:1    | Bought a potion of heal wounds for 80 gold pieces
 39176 | Elf:2    | Found a runed translucent gate.
 39177 | Elf:2    | Found a runed translucent gate.
 39177 | Elf:2    | Found a runed translucent gate.
 39543 | Elf:2    | Reached skill level 14 in Unarmed Combat
 39970 | Elf:2    | Identified the blade talisman of the Frog {rC+ rCorr Dex+3
                  | Stlth-}
 40177 | Elf:2    | Noticed Agnes
 40235 | Elf:2    | Killed Agnes
 40299 | Elf:2    | Reached skill level 15 in Unarmed Combat
 40539 | Elf:3    | Entered Level 3 of the Elven Halls
 40626 | Elf:3    | Noticed Bai Suzhen
 40649 | Elf:3    | Killed Bai Suzhen
 40650 | Elf:3    | Reached XP level 19. HP: 67/98 MP: 30/34
 40650 | Elf:3    | Gained a life (2 lives remaining)
 41098 | Elf:3    | Identified the +1 spear "Osieheda" {drain, rF+ Str-5 Dex+4}
 41211 | Elf:3    | Found Bejoideg's Firing Range.
 41953 | Elf:3    | Reached skill level 16 in Unarmed Combat
 42063 | Elf:3    | HP: 5/120 [deep elf master archer/arrow (4)]
 42953 | Elf:3    | Identified the +4 spear "Xitareda" {flame, rPois rC+}
 42955 | Elf:3    | Identified the +5 scale mail of the Zebrataur {+Blink
                  | Int+4}
 43179 | Elf:3    | Reached skill level 17 in Unarmed Combat
 43518 | Elf:3    | HP: 1/88 [deep elf master archer/arrow (27)]
 43518 | Elf:3    | Shot with an arrow by a deep elf master archer
 43518 | Elf:3    | Lost a life (1 life remaining)
 44084 | Elf:3    | Identified the staff of Inquiry {rElec rF+ Air}
 44199 | Elf:3    | Shot with an arrow by a deep elf master archer
 44199 | Elf:3    | Lost a life (0 lives remaining)
 44475 | Vaults:1 | Entered Level 1 of the Vaults
 44717 | Vaults:1 | Noticed Norris
 44736 | Vaults:1 | Killed Norris
 44882 | Vaults:1 | Noticed Asterion
 44895 | Vaults:1 | Killed Asterion
 45185 | Vaults:1 | Reached skill level 18 in Unarmed Combat
 45637 | Vaults:1 | Found Zexzye's Weapon Shop.
 45922 | D:8      | Bought the ring "Putor" {rN+ rCorr Int+6} for 792 gold
                  | pieces
 45925 | D:8      | zewo: are we winning
 45925 | D:8      | Oneirical: i died mindlessly a lot
 45925 | D:8      | Oneirical: got doublekilled in snake by a single
                  | sharpshooter
 45925 | D:8      | Oneirical: got doublekilled by master archer
 45925 | D:8      | Oneirical: but it's salvageable
 45925 | D:8      | Oneirical: loving gells gavotte
 45925 | D:8      | Oneirical: this run was just to try it out
 47127 | Vaults:2 | Reached skill level 19 in Unarmed Combat
 47308 | Vaults:2 | Found a runed translucent gate.
 47308 | Vaults:2 | Found a runed translucent gate.
 47308 | Vaults:2 | Found a runed translucent gate.
 47308 | Vaults:2 | Identified the +0 plate armour of Atheism {rCorr Str+2
                  | Int+4 Stlth+}
 47308 | Vaults:2 | Noticed Patrick2011b's ghost (adept SpHs)
 47483 | Vaults:2 | Noticed Saint Roka
 47509 | Vaults:2 | Killed Saint Roka
 47510 | Vaults:2 | zewo: oh ya new spell
 47530 | Vaults:2 | Reached XP level 20. HP: 82/102 MP: 12/35
 47530 | Vaults:2 | Gained a life (1 life remaining)
 48317 | Vaults:2 | Found a shimmering blue altar of Sif Muna.
 48882 | Vaults:2 | Reached skill level 20 in Unarmed Combat
 49042 | Vaults:2 | Found a roughly hewn altar of Beogh.
 49135 | Vaults:3 | Found a staircase to the Crypt.
 49194 | Vaults:3 | Noticed Mara
 49211 | Vaults:3 | Noticed Oneirical's illusion
 49215 | Vaults:3 | Killed Mara
 50203 | Vaults:3 | Slain by an ironbound frostheart
 50203 | Vaults:3 | Lost a life (0 lives remaining)
 50367 | Vaults:3 | Noticed a golden dragon
 50378 | Vaults:3 | Reached skill level 21 in Unarmed Combat
 50384 | Vaults:3 | Killed a golden dragon
 50915 | Vaults:3 | Learned a level 3 spell: Maxwell's Portable Piledriver
 51355 | Vaults:4 | Identified the orb of Edoadosk {light, Dex+3 Necro}
 51355 | Vaults:4 | Noticed Frederick
 51363 | Vaults:4 | Killed Frederick
 51512 | Vaults:4 | Found Vaocsumi's General Store.
 51894 | Vaults:4 | Reached skill level 22 in Unarmed Combat
 52633 | Vaults:4 | Reached XP level 21. HP: 107/107 MP: 27/36
 53045 | Vaults:4 | Found a large runed translucent door.
 53045 | Vaults:4 | Found a large runed translucent door.
 53046 | Vaults:4 | Noticed Joextigh's ghost (veteran KoHu)
 53062 | Vaults:4 | Noticed Mennas
 53072 | Vaults:4 | Killed Mennas
 53304 | Vaults:4 | Noticed Zenata
 53310 | Vaults:4 | Killed Zenata
 53491 | Vaults:4 | Reached skill level 23 in Unarmed Combat
 53688 | Vaults:4 | Bought a potion of curing for 30 gold pieces
 53688 | Vaults:4 | Bought a potion of curing for 30 gold pieces
 53688 | Vaults:4 | Bought a potion of brilliance for 40 gold pieces
 53688 | Vaults:4 | Bought a potion of curing for 30 gold pieces
 53688 | Vaults:4 | Bought a potion of resistance for 100 gold pieces
 54023 | Lair:3   | Bought the ring of the Tortoise {AC+8} for 2432 gold pieces
 54023 | Lair:3   | Found the ring of the Tortoise {AC+8}
 54070 | Slime:1  | Entered Level 1 of the Pits of Slime
 54243 | Slime:1  | Paralysed by a formless jellyfish for 1 turns
 54585 | Slime:1  | Paralysed by a formless jellyfish for 1 turns
 55725 | Slime:2  | Gained mutation: Your magical capacity is low. (-10% MP) [a
                  | shining eye]
 55799 | Slime:2  | You are sucked into a shaft and drop 2 floors!
 55801 | Slime:4  | Gained mutation: You are clumsy. (Dex -2) [a shining eye]
 55805 | Slime:4  | Reached skill level 24 in Unarmed Combat
 55827 | Slime:2  | Gained mutation: You are frail. (-10% HP) [a shining eye]
 56082 | Slime:2  | Gained mutation: You are partially covered in iridescent
                  | scales. (AC +2) [a shining eye]
 56940 | Slime:3  | Lost mutation: You are clumsy. (Dex -2) [potion of
                  | mutation]
 56940 | Slime:3  | Lost mutation: You are frail. (-10% HP) [potion of
                  | mutation]
 56940 | Slime:3  | Gained mutation: You are frail. (-10% HP) [potion of
                  | mutation]
 56940 | Slime:3  | Gained mutation: You sometimes lose your temper in combat.
                  | [potion of mutation]
 56940 | Slime:3  | Gained mutation: You have a pair of small horns on your
                  | head. [potion of mutation]
 56941 | Slime:3  | Lost mutation: You have a pair of small horns on your head.
                  | [potion of mutation]
 56941 | Slime:3  | Lost mutation: Your magical capacity is low. (-10% MP)
                  | [potion of mutation]
 56941 | Slime:3  | Gained mutation: Your magical capacity is low. (-10% MP)
                  | [potion of mutation]
 56941 | Slime:3  | Gained mutation: You have a pair of small horns on your
                  | head. [potion of mutation]
 56942 | Slime:3  | Lost mutation: You are frail. (-10% HP) [potion of
                  | mutation]
 56942 | Slime:3  | Lost mutation: You are partially covered in iridescent
                  | scales. (AC +2) [potion of mutation]
 56942 | Slime:3  | Lost mutation: You sometimes lose your temper in combat.
                  | [potion of mutation]
 56942 | Slime:3  | Gained mutation: Potions are less effective at restoring
                  | your health. [potion of mutation]
 56942 | Slime:3  | Gained mutation: You occasionally lose the ability to read
                  | scrolls when taking damage. [potion of mutation]
 56942 | Slime:3  | Gained mutation: Your natural rate of healing is unusually
                  | fast. [potion of mutation]
 57786 | Slime:4  | Demolished by an azure jelly

Illustrated notes

Levels and vault maps discovered:
D:1:      sevenhm_arrival_forest_fort_large_4, layout_rooms, serial_shops, shop,
          shapermc_ecumenical_altar_mp_ritualfount, chequers_mini_garden,
          amcnicky_mini_rare_corridor_liquid, st_stairs_10,
          hangedman_decor_diamond_cutter, nicolae_the_louvre
D:2:      layout_loops_ring, serial_shops, nicolae_shop_window_shopping,
          uniq_robin, uniq_sigmund, uniq_crazy_yiuf_cottage
D:3:      layout_basic, ebering_ghost_reflecting_pool
D:4:      layout_loops_ring, chequers_temple_overflow_minitemple,
          chequers_serial_rivers_small_3, uniq_pikel, uniq_blork_the_orc
D:5:      layout_basic, gup_sewer_entry_glass, kennysheep_generic_room_16,
          uniq_ijyb
D:6:      layout_loops_ring, minmay_temple_entry_junction_2,
          kennysheep_pointless_box, uniq_grinder, uniq_prince_ribbit1
D:7:      minmay_klotski, layout_cave_pools
D:8:      layout_basic, grunt_gozag_breadcrumbs, serial_shops, shop, shop,
          nicolae_diamond_shop, nicolae_lakefront_shop,
          nicolae_shop_pleasant_corner_grove, uniq_psyche
D:9:      layout_roguey, fedhas_altar_3
D:10:     layout_loops_ring, hiddenorc2_lemuel, uniq_grum, uniq_maggie
D:11:     lemuel_slime, layout_gridville, dpeg_oklobed_lair,
          serial_library_hellmonk_reading_circle, lemuel_flame_loot_1
D:12:     layout_rooms, serial_shops, nicolae_shop_back_alley_shop
D:13:     layout_rooms, serial_shops, nicolae_shop_real_fake_doors, uniq_lodul,
          uniq_azrael, uniq_josephine
D:14:     layout_loops_cross, erik_vaults_2, cheibriados_altar_1
D:15:     gammafunk_depths_entry_grave, layout_irregular_city, serial_shops,
          shop, uniq_nessos
Temple:   kb_temple_of_zot
Lair:1:   layout_cave_pods, grunt_megastairs_1
Lair:2:   layout_loops_ring, uniq_urug, uniq_erica
Lair:3:   layout_chaotic_city, minmay_shoals_entry_hut,
          minmay_snake_entry_guardpost_small
Lair:4:   layout_roguey, minmay_slime_entry_oklob_open,
          chequers_serial_rivers_small_a, eino_house_with_fridge
Shoals:1: layout_shoals, gammafunk_ghost_cemetery
Shoals:2: layout_shoals, nicolae_shoals_pincushion_passage
Shoals:3: nicolae_shoals_deep_elves_summer_vacation, layout_shoals,
          portal_ice_cave_entry_pillars_three
Shoals:4: shoals_end_grunt_ice, layout_shoals
Snake:1:  layout_chambers, serial_bayou_lagoon_a, uniq_jorgrun
Snake:2:  layout_onion, serial_shops, shop, nicolae_snake_slithery_hallway,
          minmay_shoptagon
Snake:3:  layout_cave_pods, nicolae_snake_horde_hoard, minmay_shop_star
Snake:4:  grunt_snake_rune_pools, layout_rooms, drop_trap, grunt_megastairs_4,
          uniq_vashnia
Slime:1:  layout_caves, cheibrodos_slime_lost_civilization_6
Slime:2:  layout_caves
Slime:3:  layout_caves
Slime:4:  layout_caves
Orc:1:    emtedronai_trogs_sanctum, layout_caves
Orc:2:    grunt_orc_tribal_feast, layout_caves, uniq_donald
Elf:1:    eino_elf_arrival_the_gate, layout_rooms, serial_shops, shop,
          evilmike_minifort, minivault_24
Elf:2:    nicolae_elf_blades_crystal_corner, layout_geoelf_grid, uniq_agnes
Elf:3:    elf_hall, layout_geoelf_diagonals, minivault_19,
          nicolae_shop_firing_range, uniq_bai_suzhen
Vaults:1: nicolae_vaults_taking_the_gang_shopping, v_misc_25,
          nicolae_vaults_puzzle_piece, v_misc_19,
          nicolae_vaults_ring_of_whatevers, nicolae_vaults_heart-shaped_vault,
          layout_vaults_omnigrid, uniq_asterion, uniq_norris
Vaults:2: biasface_ghost_orc_armoury, grunt_vaults_focal,
          serial_library_hellmonk_narrow_alcove, vaults_standard_mumra_lines,
          nicolae_vaults_trapezoid_lopsided_3, st_cells,
          nicolae_vaults_tetromino_L_2, nicolae_vaults_yaktaur_gun_rack,
          nicolae_vaults_trapezoid_lopsided_1, layout_vaults_big_room,
          serial_shops, uniq_saint_roka, uniq_margery
Vaults:3: nicolae_vaults_trapezoid_lopsided_3, dpeg_vaults_waves,
          ontoclasm_vaults_pinch, v_misc_16, v_misc_22, grunt_vaults_diagonal,
          vaults_room_grid, nicolae_vaults_turnstiles,
          nicolae_vaults_frosty_reception, layout_vaults_omnibox,
          dummy_crypt_entry, uniq_mara
Vaults:4: advil_vaults_ghost_guards, nicolae_vaults_double_plus_2,
          nicolae_vaults_windows_and_doors_thing, vaults_dpeg_ring,
          nicolae_vaults_ellipses_ellipsis, nicolae_vaults_little_squares_3,
          nicolae_vaults_alarming, nicolae_vaults_diamond_1,
          vaults_room_grunt_arrival_ludios, v_misc_19,
          nicolae_vaults_hexular_roomagon, nicolae_vaults_mini_display_case,
          layout_vaults_omnicross, serial_shops, shop, uniq_zenata, uniq_mennas,
          uniq_frederick

Skill      XL: |  1  2  3  4  5  6  7  8  9 10 11 12 13 14 15 16 17 18 19 20 21 |
---------------+----------------------------------------------------------------+-----
Spellcasting   | 3 4 5 6 7 9 10 | 10.0
Summonings     | 5 6 7 8 9 10 12 | 12.0
Dodging        | 4 6 7 9 10 | 10.0
Fire Magic     | 3 5 |  5.0
Fighting       | 2 3 5 6 9 10 | 10.0
Air Magic      | 3 5 |  5.0
Shapeshifting  | 8 12 14 16 | 16.0
Hexes          | 8 |  8.0
Necromancy     | 5 |  5.0
Translocations | 3 12 17 20 | 20.0
Unarmed Combat | 8 12 15 19 22 24 | 24.5
Stealth        | |  2.6

Action                     |  1- 3 |  4- 6 |  7- 9 | 10-12 | 13-15 | 16-18 | 19-21 || total
---------------------------+-------+-------+-------+-------+-------+-------+-------++-------
  Melee: Unarmed           |    45 |    37 |    53 |    55 |   121 |   841 |  1053 ||  2205
         Bite              |     4 |     4 |     7 |     6 |    24 |    48 |    41 ||   134
         Punch             |       |       |     1 |       |     2 |    25 |    40 ||    68
         Tailslap          |       |       |       |       |       |       |    57 ||    57
   Cast: Summon Small Mamm |    30 |     4 |     1 |       |       |       |       ||    35
         Call Canine Famil |     7 |    24 |    41 |    16 |    64 |    32 |       ||   184
         Summon Blazeheart |       |     5 |    33 |    40 |    96 |    42 |       ||   216
         Summon Lightning  |       |       |     8 |    88 |   110 |    69 |       ||   275
         Summon Cactus Gia |       |       |       |       |   100 |   104 |       ||   204
         Anguish           |       |       |       |       |    28 |    81 |       ||   109
         Blink             |       |       |       |       |     1 |       |       ||     1
         Manifold Assault  |       |       |       |       |       |   254 |   427 ||   681
         Gell's Gavotte    |       |       |       |       |       |    58 |    60 ||   118
         Malign Gateway    |       |       |       |       |       |     5 |    17 ||    22
         Maxwell's Portabl |       |       |       |       |       |       |    11 ||    11
 Invoke: Call Merchant     |       |       |       |     2 |     3 |     2 |     1 ||     8
         Potion Petition   |       |       |       |       |       |     1 |     2 ||     3
Ability: Breathe Fire      |       |       |       |       |       |       |     6 ||     6
  Evoke: Wand              |       |       |     6 |     3 |     9 |     6 |     4 ||    28
         Sack of spiders   |       |       |       |       |     2 |       |       ||     2
         Phial of floods   |       |       |       |       |       |     1 |     2 ||     3
         Phantom mirror    |       |       |       |       |       |       |     1 ||     1
    Use: Potion            |       |       |     1 |     1 |     2 |     5 |    13 ||    22
         Scroll            |       |       |       |    13 |     6 |    14 |     7 ||    40
   Stab: Sleeping          |     2 |     3 |     3 |       |     1 |     3 |     1 ||    13
         Confused          |       |       |       |     1 |       |       |       ||     1
         Distracted        |       |       |       |     1 |     4 |     5 |     1 ||    11
         Betrayed ally     |       |       |       |       |     1 |       |       ||     1
 Armour: Skin              |    30 |    17 |    34 |    35 |   311 |   714 |   308 ||  1449
  Dodge: Dodged            |    70 |    60 |    99 |   144 |   699 |  1483 |   159 ||  2714
   Form: Statue            |       |       |       |       |     1 |       |       ||     1
         Dragon            |       |       |       |       |       |       |     1 ||     1

Table legend: (Time is in decaauts)
 A = Elapsed time spent in this place.
 B = Non-inter-level travel time spent in this place.
 C = Inter-level travel time spent in this place.
 D = Time resting spent in this place.
 E = Time spent auto-exploring this place.
 F = Levels seen in this place.
 G = Mean time per level.
                   A        B        C        D        E       F      G
               +--------+--------+--------+--------+--------+-----+--------+
         Total |  68182 |  64346 |   3836 |   5492 |  46568 |  43 | 1585.6 |
       Dungeon |  18272 |  16922 |   1350 |    746 |  12728 |  15 | 1218.1 |
        Temple |      1 |      1 |      0 |      0 |      0 |   1 |    1.0 |
          Lair |   6538 |   5981 |    557 |    305 |   4570 |   4 | 1634.5 |
        Shoals |   8237 |   7897 |    340 |    835 |   5184 |   4 | 2059.2 |
     Snake Pit |  12146 |  11484 |    662 |   2512 |   6744 |   4 | 3036.5 |
    Slime Pits |   3413 |   3385 |     28 |    548 |   2417 |   4 |  853.2 |
  Orcish Mines |   2593 |   2388 |    205 |      0 |   1899 |   2 | 1296.5 |
   Elven Halls |   7275 |   6991 |    284 |    545 |   5103 |   3 | 2425.0 |
        Vaults |   8875 |   8469 |    406 |      0 |   7394 |   4 | 2218.8 |
         Sewer |    678 |    678 |      0 |      0 |    440 |   1 |  678.0 |
      Ice Cave |    148 |    148 |      0 |      0 |     85 |   1 |  148.0 |
               +--------+--------+--------+--------+--------+-----+--------+

Top non-repeatable levels by time:
 Snake:3: 5179 daAuts
   Elf:3: 3202 daAuts
   Elf:2: 3073 daAuts
Shoals:4: 2954 daAuts
 Snake:4: 2885 daAuts
Vaults:4: 2698 daAuts
 Snake:1: 2627 daAuts
Shoals:3: 2310 daAuts
Vaults:2: 2197 daAuts
Vaults:1: 2104 daAuts
Vaults:3: 1875 daAuts
  Lair:3: 1734 daAuts
    D:14: 1649 daAuts
  Lair:1: 1634 daAuts
  Lair:4: 1629 daAuts
